 Dungeon Crawl Stone Soup version 0.29-a0-802-g34511f41fd (webtiles) character file.

Game seed: 12087654182065748627

434 Sabo the Covered (level 6, 0/39 HPs)
             Began as a Gargoyle Fighter on July 3, 2022.
             Was a Believer of Ru.
             Killed from afar by an orc wizard (2 damage)
             ... with a puff of flame
             ... on level 4 of the Dungeon.
             The game lasted 00:21:01 (4700 turns).

Sabo the Covered (Gargoyle Fighter)                 Turns: 4700, Time: 00:21:01

Health: 0/39       AC: 15    Str: 21    XL:     6   Next: 0%
Magic:  6/6        EV: 12    Int:  9    God:    Ru [**....]
Gold:   211        SH:  0    Dex: 15    Spells: 5/5 levels left

rFire   . . .      SeeInvis .   e - +0 hand axe (freeze)
rCold   . . .      Faith    .   c - +0 buckler
rNeg    + . .      Spirit   .   u - +0 chain mail
rPois   ∞          Reflect  .   (no helmet)
rElec   +          Harm     .   w - +0 cloak
rCorr   .          Rampage  .   (no gloves)
Will    .....                   (no boots)
Stlth   ..........              (no amulet)
HPRegen 0.13/turn               f - +4 ring of evasion
MPRegen 0.10/turn               i - +6 ring of dexterity

@: confused, mighty
A: sickness immunity, AC +4, negative energy resistance 1, electricity
resistance, torment resistance 1, petrification resistance, no conjurations
magic, no fire magic, no hexes magic, inexperienced 1
a: Renounce Religion


You were on level 4 of the Dungeon.
You worshipped Ru.
Ru was pleased with you.
You visited 1 branch of the dungeon, and saw 4 of its levels.

You collected 211 gold pieces.

Inventory:

Hand Weapons
 a - a +0 war axe
 e - a +0 hand axe of freezing (weapon)
 l - a +0 dagger of venom
 o - a +0 shortbow
Missiles
 h - 2 boomerangs (quivered)
 k - 10 poisoned darts
Armour
 c - a +0 buckler (worn)
 u - a +0 chain mail (worn)
 w - a +0 cloak (worn)
Jewellery
 f - a +4 ring of evasion (left hand)
 i - a +6 ring of dexterity (right hand)
 q - a ring of protection from cold
 r - a ring of willpower
Wands
 v - a wand of flame (7)
Scrolls
 b - a scroll of summoning {unknown}
 j - a scroll of teleportation
 m - a scroll of magic mapping {unknown}
 s - a scroll of brand weapon {unknown}
 t - a scroll of torment {unknown}
Potions
 g - a potion of berserk rage {unknown}
 n - a potion of curing {unknown}


   Skills:
 + Level 4.4 Fighting
 + Level 4.1 Axes
 + Level 5.0 Armour
 + Level 1.3 Dodging
 + Level 0.9 Stealth
 + Level 4.2 Shields


You had 5 spell levels left.
You didn't know any spells.
Your spell library contained the following spells:

 Spells                   Type           Power      Damage    Failure   Level
 Ignite Poison            Fire/Tmut/Pois Unusable   N/A       N/A         3
 Mephitic Cloud           Conj/Pois/Air  Unusable   N/A       N/A         3
 Freezing Cloud           Conj/Ice/Air   Unusable   6-21      N/A         5

Dungeon Overview and Level Annotations

Branches:
Dungeon (4/15)
 Temple: D:4-7

Altars:
Cheibriados
Elyvilon
Ru
Sif Muna
Vehumet


Innate Abilities, Weirdness & Mutations

You are immune to sickness and miasma.
Your stone body is resilient. (AC +4)
You are immune to poison.
You resist negative energy. (rN+)
You are resistant to electric shocks. (rElec)
You are resistant to unholy torment.
You are immune to petrification.
You cannot study or cast Conjurations magic.
You cannot study or cast Fire magic.
You cannot study or cast Hexes magic.
You are somewhat inexperienced. (-1 XL)


Message History

* * * LOW HITPOINT WARNING * * *
Something hits you but does no damage. x2
The orc wizard hits you but does no damage.
You miss the orc wizard.
The orc wizard is lightly wounded.
You hit something. You freeze something. Something hits you but does no damage.
The orc wizard casts a spell at you.
You are confused.
The orc wizard casts a spell.
The orc wizard flickers and vanishes!
You hear some strange, mumbled words.
You are more confused.
Something hits you but does no damage.
You hear some strange, mumbled words.
You are more confused.
Something hits you but does no damage.
You hear some strange, mumbled words.
You are more confused.
Things that are here:
a +0 dagger; a +0 leather armour You hit something but do no damage.
You closely miss something. Something barely misses you.
Something hits you but does no damage.
You feel very mighty all of a sudden.
You hear some strange, mumbled words.
A puff of flame appears from out of thin air!
The puff of flame misses you. Something hits you.
* * * LOW HITPOINT WARNING * * *
You bump into the rock wall.
Something hits you but does no damage. x2
You slash something! You freeze something.
Reactivating autopickup.
You feel a bit more experienced.
You completely miss something. Something hits you but does no damage.
Deactivating autopickup; reactivate with Ctrl-A.
You have reached level 6!
You completely miss something. Something completely misses you.
You miss something.
You hear some strange, mumbled words.
A puff of flame appears from out of thin air!
The puff of flame hits you.
You die...

#§§§...§..§.# #...# ##.
.§§..≈≈≈≈.≈.# #...# #...
§.§§≈...≈.≈.####...###....
.§≈.≈._.≈...............#.
.†≈.≈...≈.≈...............
..≈.≈≈≈≈≈.≈.............#.
..§.§....§≈§####...###....
..≈§≈§≈≈≈≈≈.# #){.# ###
#....§......# ##@..###
#####.......# #.....?#
###.##### #....#.# ...#
#.#.##.##### ##..# #.#...
.. .#
#..#######.####.###.###
...#....##............
.#.##.##.##......#...#
#.##.###.#####...###


There were no monsters in sight!

Vanquished Creatures
  Grinder (D:4)
  A hound (D:4)
  2 orc wizards (D:4)
  Ijyb (D:3)
  2 adders
  4 worms
  3 dart slugs
  11 orcs
  7 bats
  8 endoplasms
  5 giant cockroaches
  7 hobgoblins
  4 jackals (D:1)
  3 quokkas
  9 ball pythons
  3 frilled lizards
  7 goblins
  6 kobolds
  3 rats
  2 bushes (D:1)
89 creatures vanquished.

Vanquished Creatures (others)
  6 plants (D:1)
6 creatures vanquished.

Grand Total: 95 creatures vanquished

Notes
Turn   | Place    | Note
-------+----------+-------------------------------------------
     0 | D:1      | Sabo the Gargoyle Fighter began the quest for the Orb.
     0 | D:1      | Reached XP level 1. HP: 14/14 MP: 1/1
   213 | D:1      | Reached XP level 2. HP: 19/19 MP: 2/2
   604 | D:1      | Found a faded altar of an unknown god.
   608 | D:1      | Prayed at the altar of an unknown god.
   608 | D:1      | Became a worshipper of Ru the Awakened
   612 | D:1      | Gained mutation: You are somewhat inexperienced. (-1 XL)
                  | [Ru sacrifice]
   612 | D:1      | Reached XP level 1. HP: 14/14 MP: 1/1
   612 | D:1      | Reached * piety under Ru
   660 | D:1      | Reached XP level 2. HP: 19/19 MP: 2/2
  1434 | D:2      | Identified a scroll of acquirement
  1435 | D:2      | Acquired a +4 ring of evasion
  1533 | D:2      | Reached XP level 3. HP: 24/24 MP: 3/3
  1933 | D:2      | Reached skill level 4 in Armour
  1959 | D:2      | Found a snail-covered altar of Cheibriados.
  2899 | D:3      | Gained mutation: You cannot study or cast Fire magic. [Ru
                  | sacrifice]
  2899 | D:3      | Gained mutation: You cannot study or cast Hexes magic. [Ru
                  | sacrifice]
  2899 | D:3      | Gained mutation: You cannot study or cast Conjurations
                  | magic. [Ru sacrifice]
  2899 | D:3      | Reached ** piety under Ru
  3101 | D:3      | Noticed Ijyb
  3120 | D:3      | Killed Ijyb
  3121 | D:3      | Reached XP level 4. HP: 17/29 MP: 4/4
  3480 | D:3      | Found a white marble altar of Elyvilon.
  3480 | D:3      | Found a radiant altar of Vehumet.
  3696 | D:3      | You fall into a shaft and drop 1 floor!
  3701 | D:4      | Found a shimmering blue altar of Sif Muna.
  4052 | D:4      | Noticed Grinder
  4055 | D:4      | Paralysed by Grinder for 5 turns
  4063 | D:4      | HP: 1/29 [Grinder/nerve-wracking pain (3)]
  4414 | D:4      | Reached skill level 1 in Dodging
  4633 | D:4      | Paralysed by Grinder for 5 turns
  4661 | D:4      | Killed Grinder
  4662 | D:4      | Reached XP level 5. HP: 5/34 MP: 5/5
  4679 | D:4      | Reached skill level 5 in Armour
  4696 | D:4      | HP: 1/34 [something (2)]
  4699 | D:4      | Reached XP level 6. HP: 2/39 MP: 6/6
  4700 | D:4      | Killed from afar by an orc wizard

Illustrated notes

Levels and vault maps discovered:
D:1:      spicycebolla_green_bress_n_ham_2, layout_basic,
          shapermc_ecumenical_altar_mp_vishouse, serial_forest,
          infiniplex_forest_end_2, infiniplex_forest_straight_4,
          infiniplex_forest_straight_3, infiniplex_forest_diagonal,
          infiniplex_forest_clump_tiny, infiniplex_forest_end_3,
          infiniplex_forest_end_double, nrook_mini_vaults, st_stairs_3
D:2:      layout_basic, basic_altar
D:3:      layout_basic, amethyst_overflow_temple_binary, uniq_ijyb
D:4:      layout_loops_cross, mainiacjoe_overflow_concentric_impassable,
          minmay_temple_entry_hall, uniq_grinder

Skill      XL: |  1  2  3  4  5 |
---------------+----------------+-----
Axes           | 2 3 4 |  4.1
Armour         | 4 5 |  5.0
Fighting       | 4 |  4.4
Dodging        | 1 |  1.3
Shields        | 4 |  4.2
Stealth        | |  0.9

Action                   |  1- 3 |  4- 6 || total
-------------------------+-------+-------++-------
Melee: War axe           |   172 |       ||   172
       Hand axe          |   151 |    75 ||   226
Invok: Sacrifice Experie |     1 |       ||     1
       Sacrifice Arcana  |     1 |       ||     1
  Use: Scroll            |     5 |     2 ||     7
       Potion            |       |     1 ||     1
Armor: Scale mail        |    89 |       ||    89
       Chain mail        |       |    39 ||    39
Dodge: Dodged            |   163 |    29 ||   192
Block: Buckler           |    50 |    10 ||    60

Table legend: (Time is in decaauts)
 A = Elapsed time spent in this place.
 B = Non-inter-level travel time spent in this place.
 C = Inter-level travel time spent in this place.
 D = Time resting spent in this place.
 E = Time spent auto-exploring this place.
 F = Levels seen in this place.
 G = Mean time per level.
                   A        B        C        D        E       F      G
               +--------+--------+--------+--------+--------+-----+--------+
         Total |   4819 |   4819 |      0 |   1127 |      0 |   4 | 1204.8 |
       Dungeon |   4819 |   4819 |      0 |   1127 |      0 |   4 | 1204.8 |
               +--------+--------+--------+--------+--------+-----+--------+

Top non-repeatable levels by time:
     D:1: 1375 daAuts
     D:2: 1298 daAuts
     D:3: 1286 daAuts
     D:4: 859 daAuts
